 Dungeon Crawl Stone Soup version 0.31-a0-233-g139696dc86 (webtiles) character file.

Game seed: 5934305936141326100

84 qw the Shooter (level 4, -1/27 HPs)
             Began as a Gargoyle Hexslinger on July 7, 2023.
             Slain by Terence
             ... wielding a +0 trident of flaming
              (5 damage)
             ... on level 2 of the Dungeon.
             The game lasted 00:00:27 (1168 turns).

qw the Shooter (Gargoyle Hexslinger)                Turns: 1168, Time: 00:00:27

Health: -1/27      AC:  6    Str: 11    XL:     4   Next: 46%
Magic:  5/5        EV: 12    Int: 14    God:
Gold:   67         SH:  0    Dex: 14    Spells: 4/5 levels left

rFire   . . .        Y - +1 sling (drain)
rCold   . . .        (no shield)
rNeg    + . .        c - +0 robe
rPois   inf          (no helmet)
rElec   +            h - +0 cloak
rCorr   .            (no gloves)
SInv    .            (no boots)
Will    +....        (no amulet)
Stlth   +            e - ring of willpower
HPRegen 0.24/turn    (no ring)
MPRegen 0.09/turn

%: no passive effects
@: no status effects
A: sickness immunity, AC +3, negative energy resistance 1, electricity
resistance, torment resistance 1, petrification resistance
a: no special abilities


You were on level 2 of the Dungeon.
You visited 1 branch of the dungeon, and saw 2 of its levels.

You collected 67 gold pieces.


Innate Abilities, Weirdness & Mutations

You are immune to sickness and miasma.
Your stone body is resilient. (AC +3)
You are immune to poison.
You resist negative energy. (rN+)
You are resistant to electric shocks. (rElec)
You are resistant to unholy torment.
You are immune to petrification.


   Skills:
 - Level 2.9 Fighting
 + Level 3.7 Ranged Weapons
 - Level 1.5 Dodging
 - Level 1.0 Spellcasting
 - Level 2.6 Hexes


You had 4 spell levels left.
You knew the following spells:

 Your Spells              Type           Power      Damage    Failure   Level
a - Slow                  Hex            32%        N/A       9%          1

Your spell library contained the following spells:

 Spells                   Type           Power      Damage    Failure   Level
 Inner Flame              Hex/Fire       4%         N/A       41%         3
 Portal Projectile        Hex/Tloc       8%         N/A       41%         3
 Cause Fear               Hex            4%         N/A       65%         4

Inventory:

Hand Weapons
 Y - a +1 sling of draining (weapon)
Armour
 c - a +0 robe (worn)
 d - a +0 pair of gloves
 g - a +0 ring mail
 h - a +0 cloak (worn)
Jewellery
 b - a +5 ring of evasion
 e - a ring of willpower (left hand)
Scrolls
 a - a scroll of identify
Potions
 f - a potion of haste {unknown}
 i - a potion of lignification {unknown}
 j - 4 potions of curing {unknown}

Dungeon Overview and Level Annotations

Branches:
Dungeon (2/15)

Altars:

Shops:
D:1 (

Annotations:
D:2 Terence


Message History

You shoot a sling bullet.
The sling bullet barely misses the adder.
The adder bites you but does no damage. The adder barely misses you.
You shoot a sling bullet. The sling bullet hits the adder.
You kill the adder!
f - a fizzy ruby potion
Enter note:
Enter note:
Enter note:
Enter note:
Found a stone staircase leading up.
Enter note:
Enter note:
Enter note:
Enter note:
Enter note:
Enter note:
j - 4 inky potions (gained 2)
g - a +0 ring mail Terence the Incautious comes into view.
He is wielding a +0 trident of flaming.
Terence says, "Don't bother to defend, it's senseless."
Enter note:
Enter note:
Enter note:
Enter note:
Enter note:
Enter note: You shoot a sling bullet.
The sling bullet hits Terence but does no damage.
Terence screams, "I want your blood!"
Terence hits you from afar with a +0 trident of flaming.
Terence burns you.
You shoot a sling bullet. The sling bullet barely misses Terence.
Terence drinks a potion.
Terence seems to grow stronger.
You shoot a sling bullet.
The sling bullet hits Terence but does no damage.
Terence hits you from afar with a +0 trident of flaming!
Ouch! That really hurt!
Terence burns you.
You die...

#.# #.# ###### #.#
#.# #.# #.#
####### #.# #.#
......# #.# #.#
### #####.# #.#
##.. #.#
##.#####.# #..<
#.# #...@....#
#..) #.# #.@# #>..
#.####### #..#
.....
#####.......###..#
......
.......###...##..#
#......
######.....<.....#
####...
#####...##.## #...
#.#....# ##
####.[.######## ..
................


You could see Terence (strong).

Vanquished Creatures
  Jessica (D:2)
  3 adders (D:2)
  2 dart slugs
  3 goblins
  2 jackals (D:1)
  3 quokkas (D:1)
  4 ball pythons
  2 bats
  4 frilled lizards (D:1)
  6 kobolds
  A rat (D:1)
31 creatures vanquished.

Notes
Turn   | Place    | Note
-------+----------+-------------------------------------------
     0 | D:1      | qw the Gargoyle Hexslinger began the quest for the Orb.
     0 | D:1      | Reached XP level 1. HP: 12/12 MP: 2/2
     0 | D:1      | 0 ||| qw: Version: 0.3-a-46-gb1f654a
     0 | D:1      | 0 ||| qw: Game counter: 3094
     0 | D:1      | 0 ||| qw: Melee chars always use a shield: true
     0 | D:1      | 0 ||| qw: God list: Okawaru
     0 | D:1      | 0 ||| qw: Allow faded altars: false
     0 | D:1      | 0 ||| qw: Do Orc after clearing Dungeon:15 true
     0 | D:1      | 0 ||| qw: Do second Lair branch before Depths: true
     0 | D:1      | 0 ||| qw: Lair rune preference: random
     0 | D:1      | 0 ||| qw: Goals: Normal
     0 | D:1      | 0 ||| PLANNING D:1-11
   137 | D:1      | Reached XP level 2. HP: 12/16 MP: 3/3
   299 | D:1      | Reached skill level 3 in Ranged Weapons
   642 | D:1      | Found Daask's Antique Weapon Shoppe.
   648 | D:1      | 648 ||| SHOPLISTING glowing shortbow (150 gold, have 52).
   648 | D:1      | 648 ||| SHOPLISTING runed hand crossbow (162 gold, have
                  | 52).
   739 | D:1      | 739 ||| UPGRADING to +0 cloak.
   744 | D:1      | 744 ||| UPGRADING to ring of willpower.
   745 | D:1      | 745 ||| READING 2 scrolls labelled QUEMUE HYMI.
   746 | D:1      | 746 ||| READING scroll labelled QOAXKIOCLE.
   747 | D:1      | 747 ||| DRINKING 2 sedimented coppery potions.
   851 | D:1      | 851 ||| DROPPING scroll of poison.
   852 | D:1      | 852 ||| DROPPING potion of berserk rage.
   855 | D:2      | Noticed Jessica
   860 | D:2      | Killed Jessica
   861 | D:2      | Reached XP level 3. HP: 22/22 MP: 4/4
   895 | D:2      | Found a faded altar of an unknown god.
   919 | D:2      | Reached XP level 4. HP: 27/27 MP: 5/5
  1165 | D:2      | Noticed Terence
  1168 | D:2      | HP: 4/27 [Terence/+0 trident of flaming (15)]
  1168 | D:2      | Slain by Terence

Levels and vault maps discovered:
D:1:      dpeg_arrival_water_temple_mockup, layout_loops_ring, serial_shops,
          nicolae_shop_pleasant_corner_grove
D:2:      layout_loops_ring, nicolae_ecumenical_lake_church, uniq_jessica,
          uniq_terence

Skill      XL: |  1  2 |
---------------+-------+-----
Ranged Weapons | 3 |  3.7
Fighting       | 2 |  2.9
Dodging        | |  1.5
Spellcasting   | |  1.0
Hexes          | |  2.6

Action                     |  1- 3 |  4- 6 || total
---------------------------+-------+-------++-------
   Fire: Sling             |    85 |    25 ||   110
    Use: Scroll            |     2 |       ||     2
         Potion            |     1 |       ||     1
 Armour: Robe              |     8 |     2 ||    10
  Dodge: Dodged            |    35 |    13 ||    48

Table legend:
 A = Non-vault XP
 B = Vault XP
 C = Vault XP percentage of total XP
 D = Non-vault monster count
 E = Vault monster count
 F = Vault count percentage of total count
                 A         B        C        D         E       F
            +---------+---------+-------+---------+---------+-------
      Total |      84 |      37 |  30.6 |      30 |       1 |   3.2
            +---------+---------+-------+---------+---------+-------
        D:1 |      33 |       0 |   0.0 |      21 |       0 |   0.0
        D:2 |      51 |      37 |  42.0 |       9 |       1 |  10.0
            +---------+---------+-------+---------+---------+-------
